Map: Ever Dream LE

Players

HuShang

  • Race: Protoss Protoss
  • League: Master
  • Spawn Location: 7:00

A.I. 1 (Very Easy) - Winner!

  • Race: Zerg Zerg
  • Spawn Location: 1:00

VOD

https://www.youtube.com/watch?v=KzjT3CaXtHI

Description

Zoun's crazy disruptor drop into colossus all in that he used vs soO in GSL

Time

  • Played on: Sept. 17, 2020, 10:06 p.m.
  • Length: 6:24
Show
View Real Time Build Order
Export as new Build Order

HuShang Protoss 

Build Orders: 1 Gate Expand, Colossus Rush 

Get SALT Encoding   

  12  0:00  Probe  
  13  0:12  Probe  
  14  0:19  Pylon  
  14  0:24  Probe  
  15  0:37  Probe (Chrono Boost)  
  15  0:39  Gateway  
  16  0:46  Probe (Chrono Boost)  
  17  0:51  Probe (Chrono Boost)  
  17  0:53  Assimilator  
  18  1:03  Probe  
  19  1:15  Probe  
  20  1:23  Nexus  
  20  1:33  Cybernetics Core  
  20  1:37  Probe  
  21  1:41  Assimilator  
  21  1:50  Pylon, Probe  
  22  2:01  Probe  
  22  2:07  Adept (Chrono Boost)  
  23  2:09  Probe  
  23  2:10  Warp Gate  
  26  2:17  Probe  
  27  2:22  Robotics Facility  
  27  2:28  Probe  
  28  2:31  Stalker  
  28  2:35  Probe  
  31  2:41  Probe  
  32  2:47  Probe, Gateway  
  33  2:53  Probe  
  34  3:00  Probe  
  35  3:07  Probe, Warp Prism (Chrono Boost)  
  35  3:12  Probe  
  39  3:17  Robotics Bay  
  39  3:19  Probe  
  40  3:24  Probe  
  41  3:29  Pylon  
  41  3:31  Probe  
  42  3:37  Immortal (Chrono Boost)  
  46  3:47  Probe x2  
  48  3:56  Pylon  
  48  3:59  Probe x2  
  48  4:01  Assimilator  
  50  4:03  Assimilator  
  50  4:05  Gravitic Drive, Disruptor (Chrono Boost)  
  53  4:11  Probe  
  53  4:13  Pylon  
  53  4:14  Probe  
  55  4:23  Probe  
  56  4:26  Probe  
  56  4:30  Gateway  
  57  4:31  Gateway  
  57  4:32  Gateway  
  57  4:33  Gateway  
  57  4:35  Disruptor (Chrono Boost)  
  60  5:01  Adept x2, Colossus (Chrono Boost)  
  60  5:05  Pylon x2  
  70  5:11  Pylon  
  70  5:12  Pylon  
  70  5:20  Shield Battery  
  70  5:24  Sentry x3  
  76  5:29  Zealot x3  
  82  5:51  Stalker x6  
  94  6:16  Zealot x2  
  94  6:17  Stalker, Zealot  
Show
View Real Time Build Order
Export as new Build Order

A.I. 1 (Very Easy) Zerg - Winner!

Build Orders: Hatch First 

Get SALT Encoding   

  12  0:01  Drone  
  13  0:12  Overlord  
  13  0:16  Drone  
  14  0:40  Hatchery  
  13  0:45  Drone  
  14  1:04  Spawning Pool  
  14  1:05  Extractor  
  14  1:07  Drone  
  13  1:15  Drone  
  14  1:19  Overlord  
  14  1:52  Zergling x2  
  14  1:53  Queen  
  17  1:54  Zergling x2  
  17  1:59  Roach Warren  
  17  2:03  Drone  
  17  2:05  Extractor  
  17  2:10  Drone  
  17  2:14  Zergling x2  
  19  2:19  Drone  
  20  2:26  Drone  
  21  2:33  Drone  
  22  2:40  Drone  
  23  2:48  Drone  
  24  2:55  Drone  
  25  3:00  Roach  
  25  3:02  Drone  
  28  3:06  Overlord  
  28  3:10  Drone  
  29  3:18  Drone  
  30  3:23  Lair  
  30  3:25  Drone  
  31  3:37  Drone  
  32  3:44  Drone  
  32  3:46  Roach  
  35  3:52  Drone  
  35  3:54  Overlord  
  36  3:59  Drone  
  37  4:06  Drone  
  38  4:13  Drone  
  39  4:20  Drone  
  39  4:22  Overseer  
  40  4:24  Overseer  
  40  4:28  Drone  
  41  4:32  Roach, Ravager  
  41  4:35  Drone  
  41  4:36  Overlord  
  45  4:42  Drone  
  46  4:48  Extractor  
  46  4:49  Drone  
  46  4:56  Drone  
  47  5:03  Extractor, Drone  
  47  5:11  Drone  
  48  5:18  Drone  
  49  5:25  Drone  
  50  5:32  Drone  
  51  5:39  Drone  
Tags
 
Add a new tag
Caveats
  • Supply blocks, unpowered buildings, or Contaminate may cause inaccurate times.
  • Supply counts are checked every 10 seconds.